 Dungeon Crawl Stone Soup version 0.31-a0-263-ge8cad7f256 (webtiles) character file.

Game seed: 2986681958788565349

122 qw the Shooter (level 5, -3/30 HPs)
             Began as a Gargoyle Hexslinger on July 13, 2023.
             Slain by a gnoll
             ... wielding a +0 flail
              (8 damage)
             ... on level 3 of the Dungeon.
             The game lasted 00:00:58 (2222 turns).

qw the Shooter (Gargoyle Hexslinger)                Turns: 2222, Time: 00:00:58

Health: -3/30      AC:  8    Str: 12    XL:     5   Next: 6%
Magic:  6/6        EV: 11    Int: 13    God:
Gold:   108        SH:  0    Dex: 14    Spells: 5/6 levels left

rFire   . . .        Y - +1 sling
rCold   . . .        (no shield)
rNeg    + . .        a - +0 leather armour
rPois   inf          (no helmet)
rElec   +            (no cloak)
rCorr   .            e - +0 pair of gloves
SInv    .            (no boots)
Will    .....        (no amulet)
Stlth   +            (no ring)
HPRegen 0.25/turn    (no ring)
MPRegen 0.10/turn

%: no passive effects
@: about to teleport
A: sickness immunity, AC +4, negative energy resistance 1, electricity
resistance, torment resistance 1, petrification resistance
a: no special abilities


You were on level 3 of the Dungeon.
You visited 1 branch of the dungeon, and saw 3 of its levels.

You collected 108 gold pieces.


Innate Abilities, Weirdness & Mutations

You are immune to sickness and miasma.
Your stone body is resilient. (AC +4)
You are immune to poison.
You resist negative energy. (rN+)
You are resistant to electric shocks. (rElec)
You are resistant to unholy torment.
You are immune to petrification.


   Skills:
 - Level 2.0 Fighting
 + Level 4.8 Ranged Weapons
 - Level 1.5 Dodging
 - Level 1.0 Spellcasting
 - Level 2.6 Hexes


You had 5 spell levels left.
You knew the following spells:

 Your Spells              Type           Power      Damage    Failure   Level
a - Slow                  Hex            28%        N/A       12%         1

Your spell library contained the following spells:

 Spells                   Type           Power      Damage    Failure   Level
 Inner Flame              Hex/Fire       4%         N/A       52%         3
 Portal Projectile        Hex/Tloc       8%         N/A       52%         3
 Cause Fear               Hex            3%         N/A       75%         4

Inventory:

Hand Weapons
 Y - a +1 sling (weapon)
Armour
 a - a +0 leather armour (worn)
 e - a +0 pair of gloves (worn)
Scrolls
 f - 2 scrolls of identify
Potions
 b - a potion of might {unknown}
 d - a potion of heal wounds {unknown}
 g - a potion of curing

Dungeon Overview and Level Annotations

Branches:
Dungeon (3/15)

Altars:


Message History

You shoot a sling bullet. The gnoll shouts!
The sling bullet hits the adder.
The adder is severely wounded.
The bat closely misses you. The adder bites you but does no damage.
The adder barely misses you.
You shoot a sling bullet.
The sling bullet hits the adder but does no damage.
The adder is severely wounded.
The bat misses you. The bat hits you but does no damage.
The gnoll barely misses you. The adder bites you but does no damage.
The adder bites you.
You shoot a sling bullet.
The sling bullet closely misses the adder.
The sling bullet barely misses the gnoll.
The bat barely misses you. x2; The adder bites you but does no damage.
The gnoll hits you with a +0 whip.
A gnoll comes into view. It is wielding a +0 club.
The gnoll hits you with a +0 flail. The bat hits you but does no damage.
You shoot a sling bullet. The gnoll shouts!
The sling bullet hits the adder!
You kill the adder!
The bat closely misses you. x2; The gnoll hits you but does no damage.
The gnoll hits you with a +0 flail. The bat hits you but does no damage.
You shoot a sling bullet. The sling bullet hits the gnoll!
You kill the gnoll!
The bat barely misses you. The gnoll hits you with a +0 flail.
The gnoll closely misses you. The bat hits you but does no damage.
You have reached level 5!
You shoot a sling bullet. The sling bullet hits the gnoll.
The gnoll is moderately wounded.
The bat barely misses you. The gnoll closely misses you.
The gnoll hits you from afar with a +0 spear. x2
The gnoll barely misses you.
2222 ||| READING scroll of teleportation.
As you read the scroll of teleportation, it crumbles to dust.
You feel strangely unstable. The bat hits you but does no damage.
The gnoll hits you with a +0 flail!
You die...

######.#### ##..##
#....#....#### #..##
#....#.%.....####...
#..............###..
#....#..........####
#....#.###.####..# #
#....#.# #...##..##
####.#.# #....#...#
#@g#.###....#...#
#.b)#..##........##
#.g.#..#######....#
#.g.#...### #....#
#...#.....####....#
#...#..............
##..###############
#...


You could see 3 gnolls and a bat.

Vanquished Creatures
  A gnoll (D:3)
  4 adders
  2 worms (D:3)
  A dart slug (D:1)
  An orc (D:3)
  7 bats
  7 endoplasms
  2 giant cockroaches (D:2)
  6 goblins
  4 hobgoblins
  8 jackals
  5 kobolds
  4 ball pythons
  8 frilled lizards
  4 rats
64 creatures vanquished.

Notes
Turn   | Place    | Note
-------+----------+-------------------------------------------
     0 | D:1      | qw the Gargoyle Hexslinger began the quest for the Orb.
     0 | D:1      | Reached XP level 1. HP: 12/12 MP: 2/2
     0 | D:1      | 0 ||| qw: Version: 0.3-a-52-g30416fa
     0 | D:1      | 0 ||| qw: Game counter: 7208
     0 | D:1      | 0 ||| qw: Melee chars always use a shield: true
     0 | D:1      | 0 ||| qw: God list: Okawaru
     0 | D:1      | 0 ||| qw: Allow faded altars: false
     0 | D:1      | 0 ||| qw: Do Orc after clearing Dungeon:15 true
     0 | D:1      | 0 ||| qw: Do second Lair branch before Depths: true
     0 | D:1      | 0 ||| qw: Lair rune preference: random
     0 | D:1      | 0 ||| qw: Goals: Normal
     0 | D:1      | 0 ||| PLANNING D:1-11
   139 | D:1      | Reached XP level 2. HP: 16/16 MP: 3/3
   334 | D:1      | Reached skill level 3 in Ranged Weapons
   426 | D:1      | Reached XP level 3. HP: 21/21 MP: 4/4
   985 | D:1      | 985 ||| UPGRADING to +0 pair of gloves.
   990 | D:1      | 990 ||| READING scroll labelled AMEQYN EJODGH.
   991 | D:1      | 991 ||| READING 4 scrolls labelled DOODDEL HEXAWN.
   992 | D:1      | 992 ||| READING 3 scrolls of identify.
   992 | D:1      | 992 ||| IDENTIFYING smoky cyan potion
   993 | D:1      | 993 ||| DROPPING scroll of poison.
  1738 | D:2      | 1738 ||| UPGRADING to +0 leather armour.
  1748 | D:2      | 1748 ||| DROPPING +0 robe.
  1749 | D:2      | 1749 ||| DROPPING ring of magical power.
  1750 | D:2      | 1750 ||| DROPPING ring of flight.
  1751 | D:2      | 1751 ||| READING scroll labelled XIUWEN FIADICH.
  1756 | D:2      | 1756 ||| READING 2 scrolls of identify.
  1756 | D:2      | 1756 ||| IDENTIFYING green potion
  1757 | D:2      | 1757 ||| DROPPING potion of berserk rage.
  1794 | D:3      | Reached skill level 4 in Ranged Weapons
  1794 | D:3      | Reached XP level 4. HP: 26/26 MP: 5/5
  1840 | D:3      | Found a faded altar of an unknown god.
  1989 | D:3      | 1989 ||| FLEEEEING.
  1990 | D:3      | 1990 ||| FLEEEEING.
  1991 | D:3      | 1991 ||| FLEEEEING.
  1996 | D:3      | 1996 ||| FLEEEEING.
  2000 | D:3      | 2000 ||| FLEEEEING.
  2001 | D:3      | 2001 ||| FLEEEEING.
  2002 | D:3      | 2002 ||| FLEEEEING.
  2003 | D:3      | 2003 ||| FLEEEEING.
  2004 | D:3      | 2004 ||| STAIRDANCE
  2021 | D:2      | 2021 ||| READING scroll labelled VANEPORRIE.
  2221 | D:3      | Reached XP level 5. HP: 9/30 MP: 6/6
  2221 | D:3      | HP: 6/30 [gnoll/+0 spear (3)]
  2222 | D:3      | 2222 ||| READING scroll of teleportation.
  2222 | D:3      | Slain by a gnoll

Levels and vault maps discovered:
D:1:      nzn_arrival_water_spiral, layout_basic, serial_curves, eino_curves_03,
          eino_curves_04, kennysheep_crisscross
D:2:      layout_basic, serial_forest, infiniplex_forest_straight_3,
          infiniplex_forest_straight_3, infiniplex_forest_clump_cross,
          infiniplex_forest_clump_diagonal, infiniplex_forest_straight_2,
          infiniplex_forest_zigzag_2, infiniplex_forest_lined_room_
D:3:      minmay_recursive_quarters, layout_rooms,
          dreamdust_ecumenical_altar_statues, uniq_jessica

Skill      XL: |  1  2  3 |
---------------+----------+-----
Ranged Weapons | 3 4 |  4.8
Fighting       | 2 |  2.0
Dodging        | |  1.5
Spellcasting   | |  1.0
Hexes          | |  2.6

Action                     |  1- 3 |  4- 6 || total
---------------------------+-------+-------++-------
   Fire: Sling             |   143 |   106 ||   249
    Use: Scroll            |     5 |     2 ||     7
 Armour: Robe              |    16 |       ||    16
         Leather armour    |     6 |    62 ||    68
  Dodge: Dodged            |    51 |    73 ||   124

Table legend:
 A = Non-vault XP
 B = Vault XP
 C = Vault XP percentage of total XP
 D = Non-vault monster count
 E = Vault monster count
 F = Vault count percentage of total count
                 A         B        C        D         E       F
            +---------+---------+-------+---------+---------+-------
      Total |     152 |      23 |  13.1 |      54 |      10 |  15.6
            +---------+---------+-------+---------+---------+-------
        D:1 |      56 |       0 |   0.0 |      32 |       0 |   0.0
        D:2 |      22 |       0 |   0.0 |       6 |       0 |   0.0
        D:3 |      74 |      23 |  23.7 |      16 |      10 |  38.5
            +---------+---------+-------+---------+---------+-------
